 Dungeon Crawl Stone Soup version 0.29.1-2-gbd0b4ee654 (webtiles) character file.

Game seed: 16033137916807112041

209550 mortz the Devastator (level 17, -2/144 HPs)
             Began as a Demigod Conjurer on Nov 17, 2022.
             Slain by a ghost moth (11 damage)
             ... on level 4 of the Spider Nest on Nov 20, 2022.
             The game lasted 05:37:57 (45096 turns).

mortz the Devastator (Demigod Conjurer)            Turns: 45096, Time: 05:37:59

Health: -2/144     AC: 17    Str: 12      XL:     17   Next: 53%
Magic:  1/49       EV:  6    Int: 31 (38) God:
Gold:   3462       SH:  0    Dex: 12 (14) Spells: 5/41 levels left

rFire   . . .      SeeInvis +   b - +3 war axe (freeze)
rCold   + . .      Faith    .   P - +0 kite shield {rC+}
rNeg    . . .      Spirit   .   E - +0 swamp dragon scales
rPois   +          Reflect  .   T - +3 hat of Pondering {ponderous, Will+ MP+10 Int+5}
rElec   +          Harm     .   u - +0 cloak of Fedhas's Esteem {rElec Regen+ Int-3}
rCorr   +          Rampage  .   k - +1 pair of gloves
Will    ++...                   w - +1 pair of boots
Stlth   +.........              G - amulet of magic regeneration
HPRegen 1.14/turn               q - ring of wizardry
MPRegen 0.71/turn               l - ring of Okawaru's Inspiration {Fly rCorr Dex+2 Slay-3 SInv}

@: about to teleport, flying, held, slow
A: high MP 1, forlorn, divine attributes, horns 1
}: 1/15 runes: decaying
a: no special abilities


You were on level 4 of the Spider Nest.
You visited 5 branches of the dungeon, and saw 30 of its levels.
You also visited: Ice Cave.

You collected 3622 gold pieces.
You spent 160 gold pieces at shops.

Inventory:

Hand Weapons
 b - a +3 war axe of freezing (weapon)
 B - the +8 quarterstaff of Qazlal's Whim {flame, rN++ Str+3 Int-5}
   (You found it on level 5 of the Dungeon)

   It burns those it strikes, dealing additional fire damage.
   Str:       It affects your strength (+3).
   Int:       It affects your intelligence (-5).
   rN:        It greatly protects you from negative energy.
 S - the +10 spear "Loaluub" {venom, *Noise rElec rC+ Int+2}
   (You found it in an ice cave)

   It poisons the flesh of those it strikes.
   Int:       It affects your intelligence (+2).
   rC:        It protects you from cold.
   rElec:     It insulates you from electricity.
   *Noise:    It may make noises in combat.
Missiles
 h - 17 boomerangs of dispersal
 A - 62 poisoned darts
 I - 12 curare-tipped darts
 R - 5 silver javelins
Armour
 f - a +2 robe of resistance
 k - a +1 pair of gloves (worn)
 o - the +10 ring mail of Deihiy {+Inv rElec rC+ rN+}
   (You found it on level 2 of the Dungeon)

   rC:        It protects you from cold.
   rElec:     It insulates you from electricity.
   rN:        It protects you from negative energy.
   +Inv:      It lets you turn invisible.
 u - the +0 cloak of Fedhas's Esteem (worn) {rElec Regen+ Int-3}
   (You found it on level 5 of the Lair of Beasts)

   Int:       It affects your intelligence (-3).
   rElec:     It insulates you from electricity.
   Regen:     It increases your rate of health regeneration.
 w - a +1 pair of boots (worn)
 E - +0 swamp dragon scales (worn)
 P - a +0 kite shield of cold resistance (worn)
 T - the +3 hat of Pondering (worn) {ponderous, Will+ MP+10 Int+5}
   (You took it off Gastronok on level 3 of the Lair of Beasts)

   Int:       It affects your intelligence (+5).
   MP:        It affects your magic capacity (+10).
   Will:      It increases your willpower.
Magical Staves
 a - a staff of conjuration
Jewellery
 c - a ring of protection from fire
 l - the ring of Okawaru's Inspiration (right hand) {Fly rCorr Dex+2 Slay-3 SInv}
   (You took it off a spriggan on level 4 of the Swamp)

   [ring of flight]

   Dex:       It affects your dexterity (+2).
   Slay:      It affects your accuracy & damage with ranged weapons and melee
   (-3).
   SInv:      It lets you see invisible.
   Fly:       It grants you flight.
   rCorr:     It protects you from acid and corrosion.
 p - a ring of resist corrosion
 q - a ring of wizardry (left hand)
 r - a ring of protection from cold
 F - an amulet of regeneration
 G - an amulet of magic regeneration (around neck)
 H - a +6 ring of intelligence
 U - a ring of magical power
 Y - a +6 ring of strength
Wands
 m - a wand of polymorph (13)
 y - a wand of acid (3)
 J - a wand of mindburst (9)
 O - a wand of roots (11)
 V - a wand of paralysis (13)
 W - a wand of digging (5)
Scrolls
 d - 3 scrolls of magic mapping
 i - 14 scrolls of teleportation
 t - 7 scrolls of butterflies
 C - a scroll of summoning
 D - 5 scrolls of blinking
 K - 3 scrolls of silence
 N - 4 scrolls of amnesia
 X - 4 scrolls of fear
 Z - 5 scrolls of poison
Potions
 e - 4 potions of heal wounds
 g - 3 potions of ambrosia
 j - 10 potions of curing
 n - 3 potions of haste
 s - 3 potions of mutation
 v - 4 potions of brilliance
 x - a potion of resistance
 z - 4 potions of invisibility
 L - 5 potions of might
 Q - 2 potions of cancellation
Miscellaneous
 M - a condenser vane


   Skills:
 + Level 11.1 Fighting
 - Level 5.8 Armour
 * Level 8.0 Dodging
 - Level 1.7 Stealth
 + Level 12.9 Spellcasting
 * Level 16.0 Conjurations
 - Level 8.5 Translocations
 - Level 4.0 Transmutations
 - Level 8.4 Ice Magic
 - Level 9.2 Air Magic
 - Level 10.3 Earth Magic


You had 5 spell levels left.
You knew the following spells:

 Your Spells              Type           Power      Damage    Failure   Level
a - Magic Dart            Conj           100%       1d8       1%          1
b - Searing Ray           Conj           100%       2d8       1%          2
m - Mephitic Cloud        Conj/Pois/Air  64%        N/A       1%          3
o - Orb of Destruction    Conj           44%        9d12      9%          7
p - Passwall              Tmut/Erth      49%        N/A       1%          2
s - Stone Arrow           Conj/Erth      100%       3d13      1%          3
A - Airstrike             Air            33%        2d(5-21)  1%          4
B - Iskenderun's Battles  Conj           88%        2d14      1%          5
F - Freezing Cloud        Conj/Ice/Air   37%        6-21      1%          5
I - Iskenderun's Mystic   Conj/Tloc      77%        2d15      1%          4

Your spell library contained the following spells:

 Spells                   Type           Power      Damage    Failure   Level
 Apportation              Tloc           100%       N/A       1%          1
 Sandblast                Erth           100%       2d20      1%          1
 Shock                    Conj/Air       100%       1d9       1%          1
 Static Discharge         Conj/Air       78%        3-13/arc  1%          2
 Dazzling Flash           Conj/Hex       100%       N/A       1%          3
 Swiftness                Air            67%        N/A       1%          3
 Fulminant Prism          Conj/Hex       31%        3d16      2%          4
 Passage of Golubria      Tloc           64%        N/A       2%          4
 Sticky Flame             Conj/Fire      63%        2d8       2%          4
 Irradiate                Conj/Tmut      35%        3d23      3%          5
 Petrify                  Tmut/Erth      59%        N/A       4%          4
 Necrotise                Necr           80%        1d8       8%          1
 Slow                     Hex            80%        N/A       8%          1
 Summon Small Mammal      Summ           80%        N/A       8%          1
 Call Imp                 Summ           20%        N/A       12%         2
 Sublimation of Blood     Necr           20%        N/A       12%         2
 Ignite Poison            Fire/Tmut/Pois 28%        N/A       13%         3
 Summon Ice Beast         Ice/Summ       46%        N/A       13%         4
 Confusing Touch          Hex            20%        N/A       22%         3
 Summon Guardian Golem    Hex/Summ       20%        N/A       22%         3
 Vampiric Draining        Necr           20%        2d7       22%         3
 Silence                  Hex/Air        24%        N/A       28%         5
 Summon Forest            Summ/Tloc      23%        N/A       32%         5
 Dispel Undead            Necr           20%        3d11      56%         4
 Alistair's Intoxication  Tmut/Pois      21%        N/A       63%         5
 Agony                    Necr           20%        N/A       87%         5
 Summon Mana Viper        Hex/Summ       20%        N/A       87%         5
 Iron Shot                Conj/Erth      40%        9d8       4%          6
 Lehudib's Crystal Spear  Conj/Erth      40%        10d10     88%         8
 Spellforged Servitor     Conj/Summ      31%        N/A       89%         7
 Eringya's Noxious Bog    Tmut/Pois      16%        N/A       99%         6
 Monstrous Menagerie      Summ           10%        N/A       100%        7
 Summon Hydra             Summ           10%        N/A       100%        7


Dungeon Overview and Level Annotations

Branches:
Dungeon (15/15) Zot: 24839  Temple (0/1) D:4            Lair (5/5) D:10 Zot: 20686
  Swamp (4/4) Lair:2 Zot: 17466  Spider (4/4) Lair:2 Zot: 19612   Slime (0/5) Lair:4
    Orc (2/2) D:10 Zot: 9405     Elf (0/3) Orc:2        Vaults (0/5) D:14
 Depths (0/4) D:15          IceCv (visited)

Shops:
D:10 (   Orc:1 *   Orc:2 *:!*   Swamp:2 *

Annotations:
D:3 3 runed translucent doors, Cheops's ghost, amateur HOFE; kingsuperguy's ghost, amateur SpDe
D:13 3 runed translucent doors, Kokhlaf's ghost, journeyman DECj
Swamp:4 1 exclusion
Spider:4 exclusion: 3 doors


Innate Abilities, Weirdness & Mutations

You have an increased reservoir of magic. (+10% MP)
You shall have no god before yourself.
Your divine heritage dramatically boosts your attributes as you level up.
You have a pair of small horns on your head.


Message History

Press: ? - help, Shift-Dir - straight line, f - ghost moth, p - orb spider
Aim: a ghost moth (moderately wounded, slightly transparent, 78% to hit)
The stone arrow hits the ghost moth!
The ghost moth is heavily wounded.
Your battlesphere fires!
The barrage of energy hits the orb spider.
You kill the orb spider!
The orb spider weaves a glowing orb of energy.
An orb of destruction comes into view.
Casting: Stone Arrow (safe; 1% risk of failure)
Confirm with . or Enter, or press ? or * to list all spells.
You erupt in a blast of force!
The mystic blast hits the ghost moth!
The ghost moth is heavily wounded.
The ghost moth is knocked back by the mystic blast.
Your battlesphere fires!
The barrage of energy hits the orb spider!!
The orb spider is heavily wounded.
Your battlesphere expends the last of its energy and dissipates.
The orb of destruction hits you!!! The ghost moth stares at you.
You feel your power leaking away.
Unknown command.
Unknown command.
Aiming: Corrosive Bolt
Press: ? - help, Q - select action, (/) - cycle Shift-Dir - straight line, f/p - ghost moth
Aim: a ghost moth (heavily wounded, slightly transparent, 71% to hit)
The bolt of acid hits the ghost moth.
The acid corrodes the ghost moth!
The ghost moth is heavily wounded.
The orb of destruction hits you!!!
* * * LOW HITPOINT WARNING * * *
The orb spider spins a strand of pure energy.
The ghost moth stares at you.
You feel your power leaking away.
As you read the scroll of teleportation, it crumbles to dust.
You feel strangely unstable. The ghost moth hits you.
* * * LOW HITPOINT WARNING * * *
The ghost moth hits you.
* * * LOW HITPOINT WARNING * * *
The ghost moth stings you!
You die...

#### #..## .
##<..###### ...
##^...#^##.#
..^.#.#...^....#
...^#.^...#....#
. #...#^)...^###
..#..○°@#...##
......○y#..##
......°†...####
....s.........#
....#^!.........
#...............#
##........#....^.
##^..........###
##....#.......


You could see a ghost moth (invisible, corroded) and an orb spider (charged).

Vanquished Creatures
  Arachne (Spider:2)
  The ghost of mortz the Earth Mage, an adept DrEE of Elyvilon (Swamp:4)
  A storm dragon (shapeshifter) (D:15)
  Gastronok (Lair:3)
  Kirke (D:15)
  A fenstrider witch (Swamp:1)
  2 emperor scorpions
  Louise (D:15)
  2 ghost moths
  A ghoul (Swamp:1)
  A spriggan defender (Swamp:4)
  2 very ugly things (IceCv)
  A spark wasp (Spider:3)
  4 entropy weavers
  4 eleionomae
  5 bunyips
  A shambling mangrove (Swamp:3)
  4 vault guards (D:14)
  4 fire dragons
  A boulder beetle (Spider:1)
  22 hydras
  2 ogre magi
  A spriggan air mage (Swamp:3)
  2 catoblepae
  A jorogumo (Spider:4)
  9 two-headed ogres
  A centaur warrior (D:13)
  3 merfolk aquamancers (D:15)
  9 alligators
  A tengu warrior (D:14)
  Urug (Lair:2)
  4 orc high priests (Orc:2)
  3 spriggan berserkers (Swamp:4)
  15 spriggans
  2 fire crabs (Swamp:4)
  A sun moth (Spider:4)
  8 goliath frogs
  Amaemon (Lair:1)
  9 pharaoh ants
  5 steelbarb worms
  10 orb spiders
  A glowing orange brain (D:15)
  A skeletal warrior (D:14)
  2 spriggan druids (Swamp:1)
  2 orange crystal statues (IceCv)
  12 bog bodies
  14 swamp dragons
  Pikel (D:5)
  A wizard (D:14)
  A lindwurm (Swamp:4)
  3 deep elf pyromancers
  2 orc knights
  8 orc sorcerers
  3 oklob plants (Lair:4)
  17 wolf spiders
  4 manticores
  5 cyclopes
  29 ugly things
  3 moths of wrath
  3 will-o-the-wisps
  12 elephants
  A guardian serpent (shapeshifter) (D:14)
  5 torpor snails
  5 black mambas
  An orange demon (Lair:1)
  13 cane toads
  Maggie (D:7)
  2 gargoyles
  An unseen horror (D:11)
  3 demonic crawlers
  5 freezing wraiths
  3 anaconda simulacra (IceCv)
  2 rime drakes
  An efreet (D:15)
  12 komodo dragons
  A golden dragon simulacrum (IceCv)
  A tengu conjurer (D:14)
  3 meliai (Spider:3)
  A queen bee (Lair:1)
  A polar bear (Lair:1)
  19 tarantellas
  6 trolls
  31 blink frogs
  9 tyrant leeches
  13 hornets
  12 slime creatures
  6 dream sheep (Lair:4)
  25 culicivoras
  20 jumping spiders
  3 wraiths
  A water elemental (D:15)
  4 wyverns
  3 fire bats (Swamp:4)
  A vampire (D:10)
  6 hogs (D:15)
  2 basilisks
  30 yaks
  14 vampire mosquitoes
  6 steam dragons
  53 redbacks
  2 wargs (Orc:1)
  A harpy simulacrum (IceCv)
  13 swamp worms
  2 acid dragons
  A hydra simulacrum (IceCv)
  7 water moccasins
  8 swamp drakes (Swamp:4)
  3 black bears
  2 ice beasts
  21 orc warriors
  3 ettin simulacra (IceCv)
  5 alligator simulacra (IceCv)
  A sky beast (D:6)
  15 wolves
  9 ogres
  A phantom (D:5)
  7 centaurs
  9 kobold brigands
  15 bullfrogs
  3 gnoll sergeants
  6 necrophages
  4 scorpions
  9 wights
  26 killer bees
  2 lindwurm simulacra (IceCv)
  7 howler monkeys
  An electric eel (Lair:5)
  A bullfrog zombie (D:5)
  A hound (D:7)
  3 jellies
  A centaur zombie (D:5)
  33 orc priests
  2 gnoll boudas (D:5)
  9 iguanas
  Natasha (twice) (D:3)
  20 orc wizards
  4 hell rats (Lair:1)
  A killer bee zombie (D:5)
  2 hound zombies (D:5)
  17 gnolls
  11 adders
  3 shadow imps
  3 white imps
  3 ufetubi
  4 worms
  3 dart slugs
  66 orcs
  6 endoplasms
  A giant cockroach (D:1)
  4 goblins
  4 hobgoblins
  4 quokkas
  6 ball pythons
  6 bats
  2 frilled lizards
  21 kobolds
  5 rats
  A spectral goblin (D:4)
1031 creatures vanquished.

Vanquished Creatures (collateral kills)
  A hornet (Swamp:1)
1 creature vanquished.

Vanquished Creatures (others)
  A steam dragon (Swamp:4)
  A swamp drake (Swamp:4)
  An orc priest (Orc:2)
  12 foxfires
  40 fungi
  122 plants
177 creatures vanquished.

Grand Total: 1209 creatures vanquished

Notes
Turn   | Place    | Note
-------+----------+-------------------------------------------
     0 | D:1      | mortz the Demigod Conjurer began the quest for the Orb.
     0 | D:1      | Reached XP level 1. HP: 14/14 MP: 5/5
   477 | D:1      | Reached XP level 2. HP: 20/20 MP: 1/7
   782 | D:2      | Learned a level 2 spell: Searing Ray
  1037 | D:2      | Reached skill level 4 in Conjurations
  1573 | D:2      | Reached XP level 3. HP: 26/26 MP: 0/9
  2001 | D:2      | Identified the +10 ring mail of Deihiy {+Inv rElec rC+ rN+}
  2577 | D:3      | Reached skill level 1 in Translocations
  2580 | D:3      | Reached XP level 4. HP: 33/33 MP: 2/11
  3402 | D:3      | Noticed Natasha
  3406 | D:3      | Killed Natasha
  3407 | D:3      | Reached skill level 1 in Armour
  3541 | D:3      | Found a runed translucent gate.
  3543 | D:3      | Found a runed translucent gate.
  3543 | D:3      | Found a runed translucent gate.
  3546 | D:3      | Noticed Cheops's ghost (amateur HOFE)
  3546 | D:3      | Noticed kingsuperguy's ghost (amateur SpDe)
  3726 | D:3      | Noticed Natasha
  3731 | D:3      | Killed Natasha
  3732 | D:3      | Reached XP level 5. HP: 38/38 MP: 4/12
  4662 | D:4      | Found a staircase to the Ecumenical Temple.
  5086 | D:5      | Entered Level 5 of the Dungeon
  5239 | D:5      | Reached XP level 6. HP: 45/45 MP: 9/14
  5610 | D:5      | Reached skill level 5 in Conjurations
  5610 | D:5      | Reached skill level 1 in Earth Magic
  5953 | D:5      | Reached XP level 7. HP: 50/50 MP: 7/16
  6094 | D:5      | Noticed Pikel
  6104 | D:5      | Killed Pikel
  6105 | D:5      | Reached skill level 5 in Spellcasting
  6205 | D:5      | Reached skill level 6 in Conjurations
  6205 | D:5      | Reached XP level 8. HP: 57/57 MP: 10/19
  6209 | D:5      | Learned a level 3 spell: Stone Arrow
  6358 | D:5      | Identified the +8 quarterstaff of Qazlal's Whim {flame,
                  | rN++ Str+3 Int-5}
  7490 | D:5      | Identified a scroll of acquirement
  7490 | D:5      | Acquired 877 gold pieces
  8129 | D:5      | Learned a level 4 spell: Iskenderun's Mystic Blast
  8132 | D:5      | Learned a level 2 spell: Passwall
  8581 | D:6      | Reached skill level 7 in Conjurations
  8583 | D:6      | Reached XP level 9. HP: 62/62 MP: 13/21
  8909 | D:6      | Reached skill level 1 in Transmutations
  9217 | D:7      | Noticed Maggie
  9230 | D:7      | Killed Maggie
  9865 | D:7      | Reached skill level 5 in Translocations
 10426 | D:8      | Noticed a two-headed ogre
 10606 | D:7      | Reached XP level 10. HP: 69/69 MP: 3/24
 10774 | D:7      | Reached skill level 5 in Earth Magic
 10858 | D:8      | Reached skill level 8 in Conjurations
 10898 | D:8      | Killed a two-headed ogre
 11497 | D:8      | Reached skill level 5 in Armour
 11628 | D:7      | HP: 3/69 [poisoned by a kobold brigand (curare-tipped
                  | dart)]
 12792 | D:8      | Noticed a manticore
 12796 | D:8      | Killed a manticore
 13292 | D:9      | Noticed a two-headed ogre
 13298 | D:9      | Killed a two-headed ogre
 13511 | D:9      | Reached XP level 11. HP: 74/74 MP: 15/26
 14032 | D:9      | Noticed a two-headed ogre
 14037 | D:9      | Killed a two-headed ogre
 14097 | D:10     | Entered Level 10 of the Dungeon
 14148 | D:10     | Found a staircase to the Lair.
 14342 | D:10     | Reached skill level 1 in Fighting
 14489 | D:10     | Found Wuefuvia's Weapon Shop.
 14491 | D:10     | Found a staircase to the Orcish Mines.
 14580 | D:10     | Reached skill level 9 in Conjurations
 15512 | D:10     | Noticed a two-headed ogre
 15517 | D:10     | Killed a two-headed ogre
 15651 | D:10     | Noticed a two-headed ogre
 15656 | D:10     | Killed a two-headed ogre
 16057 | Lair:1   | Entered Level 1 of the Lair of Beasts
 16518 | Lair:1   | Reached skill level 1 in Air Magic
 17535 | Lair:1   | Noticed Amaemon
 17588 | Lair:1   | Killed Amaemon
 17895 | Lair:1   | Reached XP level 12. HP: 91/91 MP: 21/29
 18307 | Lair:2   | Noticed Urug
 18353 | Lair:2   | Reached skill level 10 in Conjurations
 18463 | Lair:2   | Killed Urug
 18718 | Lair:2   | Found a hole to the Spider Nest.
 19004 | Lair:2   | Found a staircase to the Swamp.
 19139 | Lair:3   | Noticed Gastronok
 19327 | Lair:3   | Killed Gastronok
 19791 | Lair:3   | Noticed a four-headed hydra
 19797 | Lair:3   | Reached skill level 5 in Fighting
 19914 | Lair:3   | Killed a four-headed hydra
 20322 | Lair:3   | Reached skill level 11 in Conjurations
 20771 | Lair:3   | Noticed a catoblepas
 20793 | Lair:3   | Killed a catoblepas
 20794 | Lair:3   | Reached skill level 5 in Air Magic
 20799 | Lair:3   | Learned a level 4 spell: Airstrike
 21218 | Lair:3   | Learned a level 5 spell: Iskenderun's Battlesphere
 21661 | Lair:4   | Learned a level 3 spell: Mephitic Cloud
 21694 | Lair:4   | Reached XP level 13. HP: 101/101 MP: 31/31
 22253 | Lair:4   | Found a staircase to the Slime Pits.
 22773 | Lair:5   | Entered Level 5 of the Lair of Beasts
 23053 | Lair:5   | Learned a level 5 spell: Freezing Cloud
 23233 | Lair:5   | Reached skill level 1 in Ice Magic
 24230 | Lair:5   | Reached skill level 10 in Spellcasting
 24484 | Lair:5   | Identified the +0 cloak of Fedhas's Esteem {rElec Regen+
                  | Int-3}
 26302 | D:12     | Reached skill level 12 in Conjurations
 26720 | Orc:1    | Entered Level 1 of the Orcish Mines
 26793 | Orc:1    | Found Oredua's General Store.
 26805 | Orc:1    | Bought a potion of heal wounds for 80 gold pieces
 27124 | Orc:2    | Entered Level 2 of the Orcish Mines
 27293 | Orc:2    | Reached XP level 14. HP: 108/110 MP: 32/32
 27753 | Orc:2    | Found a staircase to the Elven Halls.
 28163 | Orc:2    | Reached skill level 5 in Ice Magic
 28242 | Orc:2    | Gained mutation: You have a pair of small horns on your
                  | head. [a neqoxec]
 28614 | Orc:2    | Found Febum's Book Shop.
 28614 | Orc:2    | Found Umyeh's General Store.
 28615 | Orc:2    | Found Plog's Distillery.
 28619 | Orc:2    | Found Xoshink's General Store.
 28665 | Orc:2    | Bought a potion of berserk rage for 50 gold pieces
 28667 | Orc:2    | Bought a potion of curing for 30 gold pieces
 29661 | D:13     | Found a runed translucent gate.
 29661 | D:13     | Noticed Kokhlaf's ghost (journeyman DECj)
 29662 | D:13     | Found a runed translucent gate.
 29663 | D:13     | Found a runed translucent gate.
 30265 | D:14     | Found a gate to the Vaults.
 32089 | D:15     | Entered Level 15 of the Dungeon
 32147 | D:15     | Noticed Kirke
 32316 | D:15     | Noticed Louise
 32434 | D:15     | Reached XP level 15. HP: 118/118 MP: 34/34
 32648 | D:15     | Killed Kirke
 32881 | D:15     | Noticed a storm dragon
 32881 | D:15     | an entropy weaver changed into a storm dragon
 32886 | D:15     | Killed a storm dragon
 33221 | D:15     | Found a staircase to the Depths.
 33571 | D:15     | Killed Louise
 34199 | Swamp:1  | Entered Level 1 of the Swamp
 34212 | Lair:2   | Reached skill level 13 in Conjurations
 34692 | Swamp:1  | Reached skill level 10 in Earth Magic
 35231 | Swamp:1  | Noticed a fenstrider witch
 35235 | Swamp:1  | Killed a fenstrider witch
 35679 | Swamp:2  | Found Xuofirch's Island Escapes.
 36758 | Swamp:2  | Learned a level 7 spell: Orb of Destruction
 36959 | Swamp:3  | Found a frozen archway.
 36967 | IceCv    | Entered an ice cave
 37327 | IceCv    | Reached XP level 16. HP: 132/132 MP: 19/36
 37432 | IceCv    | Identified the ring of Pattum {Ice rCorr}
 37434 | IceCv    | Identified the +8 hand axe of Xom's Reproof {vamp, rCorr}
 37436 | IceCv    | Identified the +10 spear "Loaluub" {venom, *Noise rElec rC+
                  | Int+2}
 37768 | Swamp:3  | Reached skill level 14 in Conjurations
 38395 | Swamp:4  | Entered Level 4 of the Swamp
 39388 | Swamp:4  | Reached skill level 10 in Fighting
 39510 | Swamp:4  | Got a decaying rune of Zot
 39647 | Swamp:4  | Found a transporter.
 39652 | Swamp:4  | Noticed mortz's ghost (adept DrEE)
 39660 | Swamp:4  | Identified the ring of Okawaru's Inspiration {Fly rCorr
                  | Dex+2 Slay-3 SInv}
 39671 | Swamp:4  | Found a transporter.
 40692 | Swamp:4  | Killed mortz's ghost
 40925 | Spider:1 | Entered Level 1 of the Spider Nest
 40944 | Spider:1 | Reached skill level 5 in Dodging
 41031 | Spider:1 | Reached skill level 15 in Conjurations
 41117 | Spider:1 | You fall into a shaft and drop 1 floor!
 41885 | Spider:1 | Reached XP level 17. HP: 141/141 MP: 35/38
 42875 | Spider:2 | Noticed Arachne
 42889 | Spider:2 | Killed Arachne
 43089 | Spider:2 | Identified the +2 leather armour of Day {rElec rF- Str+6
                  | Int+3}
 44693 | Spider:4 | Entered Level 4 of the Spider Nest
 44966 | Spider:4 | Reached skill level 16 in Conjurations
 45096 | Spider:4 | Slain by a ghost moth

Illustrated notes

Levels and vault maps discovered:
D:1:      psy_arrival_statuary, layout_rooms,
          hellmonk_ecumenical_altar_slurped_away, patterned_corridor
D:2:      layout_basic, serial_glass, glass_columns_c, glass_columns_a,
          grunt_decor_clamped
D:3:      layout_loops_ring, marbit_many_paths, gammafunk_ghost_cemetery,
          uniq_natasha
D:4:      layout_loops_ring, nicolae_hepliaklqana_monster_ancestors,
          lemuel_doored_altar, minmay_temple_entry_gardened_gates
D:5:      minmay_thinvault, layout_loops_corners,
          nicolae_yredelemnul_corpse_copse, minmay_curled_crystal, uniq_pikel
D:6:      layout_basic, nemelex_altar_shiori, minmay_unpleasant_kobolds
D:7:      layout_cave_pools, uniq_maggie
D:8:      cheibrodos_ideogram_h, layout_rooms, minmay_holes
D:9:      layout_small_grid, serial_rivers, chequers_serial_rivers_marsh,
          chequers_serial_rivers_small_3, chequers_serial_rivers_micro_c,
          chequers_serial_rivers_micro_d, kennysheep_generic_room_4
D:10:     layout_irregular_city, kennysheep_mini_moat, grunt_ashenzari_visionary
          [grunt_ashenzari_visionary_swamp, grunt_ashenzari_visionary_spider],
          grunt_temple_overflow_diamond, orc_david_3
D:11:     layout_loops_ring, minmay_tree_intersection
D:12:     layout_cave_pools
D:13:     layout_big_octagon, biasface_ghost_orc_armoury
D:14:     layout_stronghold, lightli_vaults_fourway_checkpoint,
          kennysheep_nondescript, minmay_quadrilaterals
D:15:     gammafunk_enter_depths_forms, layout_small_grid,
          kiku_gazebo_pond_becter, nicolae_splish_splash, uniq_kirke,
          uniq_louise
Lair:1:   beast_lair_carwin_large_1, layout_loops_ring, special_room
          [special_room_bee], infiniplex_staircase_pool_2, grunt_megastairs_4,
          lemuel_fruit_fields, uniq_amaemon
Lair:2:   layout_hall_layers, minmay_swamp_entry_swarm, spider_nest_entry_webs,
          uniq_urug
Lair:3:   layout_loops_ring, uniq_gastronok
Lair:4:   layout_cellular_growth, minmay_slime_entry_oklob_enclosed,
          grunt_megastairs_3
Lair:5:   minmay_lair_end_frog_pond, layout_regular_city,
          eino_small_chamber_without_monster, dreamdust_mushroom_princess,
          serial_bayou_lagoon_b
Swamp:1:  layout_basic_swamp, serial_swamp_ruin, evilmike_swamp_ruin_rubble_1,
          evilmike_swamp_ruin_house_5, evilmike_swamp_ruin_house_2,
          hangedman_swamp_ravenous
Swamp:2:  layout_basic_swamp, nicolae_swamp_trees_clearing,
          nicolae_island_escapes
Swamp:3:  layout_basic_swamp, portal_ice_cave_entry_pillars_three,
          hangedman_swamp_lotus, swamp_pool1, st_swamp_ruins_3
Swamp:4:  swamp_fiery, layout_basic_swamp, gammafunk_ghost_wrathful_warriors,
          swamp_pool4, infiniplex_staircase_pool
Spider:1: layout_spider_delve, drop_trap, hangedman_spider_tarantella_strand
Spider:2: layout_spider_delve, nicolae_spider_stair_cavern, uniq_arachne
Spider:3: layout_chambers
Spider:4: johnstein_spider_rune_arachne_lair, drop_trap, guppyfry_spider_mini_3
Orc:1:    layout_caves, serial_shops, shop_statue
Orc:2:    st_orc_mages, layout_diamond_mine

Skill      XL: |  1  2  3  4  5  6  7  8  9 10 11 12 13 14 15 16 17 |
---------------+----------------------------------------------------+-----
Spellcasting   | 2 3 4 5 6 7 8 9 10 11 12 | 12.9
Conjurations   | 4 5 6 7 8 9 11 12 13 15 16 | 16.0
Translocations | 1 2 3 4 5 6 7 8 |  8.5
Armour         | 1 2 3 4 5 |  5.8
Earth Magic    | 1 2 3 4 6 7 8 9 10 | 10.3
Transmutations | 2 3 4 |  4.0
Fighting       | 3 5 6 8 9 10 11 | 11.1
Air Magic      | 1 5 7 8 9 |  9.2
Ice Magic      | 4 7 8 |  8.4
Dodging        | 6 8 |  8.0
Stealth        | |  1.7

Action                   |  1- 3 |  4- 6 |  7- 9 | 10-12 | 13-15 | 16-18 || total
-------------------------+-------+-------+-------+-------+-------+-------++-------
Melee: Dagger            |     1 |       |       |       |       |       ||     1
       War axe           |       |       |     2 |     8 |       |     5 ||    15
       Staff             |       |       |       |     3 |     5 |       ||     8
       Headbutt          |       |       |       |       |     1 |     3 ||     4
       Spear             |       |       |       |       |       |     6 ||     6
Throw: Boomerang         |       |       |       |     1 |       |       ||     1
 Cast: Magic Dart        |    69 |    62 |   100 |   197 |   734 |   472 ||  1634
       Searing Ray       |    10 |    33 |    62 |    17 |     9 |    11 ||   142
       Stone Arrow       |       |       |    32 |   232 |   100 |   117 ||   481
       Iskenderun's Myst |       |       |       |    67 |    88 |   128 ||   283
       Airstrike         |       |       |       |     8 |     3 |       ||    11
       Iskenderun's Batt |       |       |       |     5 |   174 |   110 ||   289
       Mephitic Cloud    |       |       |       |       |    13 |     4 ||    17
       Freezing Cloud    |       |       |       |       |    10 |     3 ||    13
       Orb of Destructio |       |       |       |       |     3 |    13 ||    16
Evoke: Condenser vane    |       |       |       |     1 |       |       ||     1
       Wand              |       |       |       |       |       |     9 ||     9
  Use: Scroll            |       |       |    12 |    10 |     8 |     8 ||    38
       Potion            |       |       |       |     5 |     3 |     2 ||    10
Armor: Robe              |     1 |       |       |       |       |       ||     1
       Ring mail         |     1 |     6 |    40 |    80 |   169 |    60 ||   356
       Swamp dragon scal |       |       |       |       |       |   197 ||   197
Dodge: Dodged            |    13 |    16 |   114 |   117 |   178 |   171 ||   609
Block: Buckler           |       |       |       |    18 |    40 |       ||    58
       Kite shield       |       |       |       |       |    10 |   106 ||   116
